[Event "ICC tourney 2357 (30 5)"]
[Site "Internet Chess Club"]
[Date "2021.01.30"]
[Round "5"]
[White "ivaansuresh"]
[Black "NotPolite"]
[Result "0-1"]
[ICCResult "White checkmated"]
[WhiteElo "555"]
[BlackElo "827"]
[Opening "Sicilian defense"]
[ECO "B20"]
[NIC "SI.48"]
[Time "18:03:32"]
[PlyCount "74"]
[TimeControl "1800+5"]

1. e4 c5 2. Bc4 d6 3. Qf3 Nf6 4. Nc3 Nc6 5. Qh5 g6 6. Qe2 Bg7 7. Nf3 Bg4 8.
O-O Nd4 9. Qe1 Bxf3 10. gxf3 Nxc2 11. Qd1 Nxa1 12. Bb5+ Nd7 13. Nd5 O-O 14.
b3 Nb6 15. Bb2 Bxb2 16. Qc2 Bg7 17. Kh1 Nxd5 18. Qd3 Nb4 19. Qe3 Nac2 20.
Qf4 Nxa2 21. Rg1 Qa5 22. Bc4 Nab4 23. Rg3 Be5 24. Qh4 Bxg3 25. Qxg3 Qa1+
26. Kg2 Ne3+ 27. dxe3 a5 28. Qh3 a4 29. Be6 axb3 30. Bxb3 Nd3 31. Be6 b5
32. f4 b4 33. f5 g5 34. Qh6 fxe6 35. Qxe6+ Rf7 36. Kg3 Qg1+ 37. Kh3 Nxf2# {
White checkmated } 0-1

[Event "ICC tourney 2357 (30 5)"]
[Site "Internet Chess Club"]
[Date "2021.01.30"]
[Round "5"]
[White "dplasse"]
[Black "Tayga"]
[Result "0-1"]
[ICCResult "White checkmated"]
[WhiteElo "738"]
[BlackElo "745"]
[Opening "Scandinavian defense"]
[ECO "B01"]
[NIC "SD.03"]
[Time "18:03:43"]
[PlyCount "178"]
[TimeControl "1800+5"]

1. e4 d5 2. exd5 Nf6 3. Nc3 Nxd5 4. Nxd5 Qxd5 5. Nf3 Nc6 6. Be2 Bg4 7. d4
e6 8. c4 Qd7 9. Be3 Bb4+ 10. Bd2 O-O 11. Rc1 Bxf3 12. Bxf3 Bxd2+ 13. Qxd2
Rfd8 14. Bxc6 Qxc6 15. c5 e5 16. O-O Rxd4 17. Qe3 Qd5 18. Rfe1 Rd8 19. h3
h6 20. Qxe5 Qxe5 21. Rxe5 Rd1+ 22. Rxd1 Rxd1+ 23. Kh2 Rd7 24. Kg3 Kh7 25.
Kf4 Kg6 26. g4 Rd4+ 27. Re4 Rd5 28. b4 b6 29. cxb6 axb6 30. Re7 f5 31.
gxf5+ Rxf5+ 32. Kg3 c5 33. bxc5 bxc5 34. Rc7 Kf6 35. a4 Ke6 36. a5 Kd6 37.
Rxg7 Rf8 38. a6 Kc6 39. a7 Ra8 40. Kh4 Kb6 41. Kh5 Rxa7 42. Rg6+ Kb5 43.
Rxh6 c4 44. f4 c3 45. Rh8 Rc7 46. Re8 Rc5+ 47. Kg4 Rc4 48. Re2 Kc5 49. Rc2
Kd6 50. h4 Kc5 51. h5 Kb4 52. h6 Kb3 53. h7 Rc8 54. f5 Kxc2 55. Kg5 Kb2 56.
f6 c2 57. Kg6 c1=Q 58. Kf7 Qc7+ 59. Kg6 Rh8 60. f7 Qxf7+ 61. Kxf7 Rxh7+ 62.
Ke6 Rh1 63. Ke5 Rd1 64. Ke4 Kc3 65. Ke5 Kc4 66. Ke4 Re1+ 67. Kf5 Kd3 68.
Kf4 Re8 69. Kf5 Kd4 70. Kf6 Kd5 71. Kf7 Re1 72. Kf6 Re2 73. Kf7 Kd6 74. Kf8
Kd7 75. Kf7 Rf2+ 76. Kg7 Ke6 77. Kg6 Rg2+ 78. Kh5 Kf6 79. Kh4 Rg8 80. Kh5
Kf7 81. Kh6 Rg1 82. Kh5 Kf6 83. Kh4 Kf5 84. Kh3 Kf4 85. Kh2 Rg8 86. Kh3 Rg7
87. Kh2 Kf3 88. Kh1 Kf2 89. Kh2 Rh7# { White checkmated } 0-1

[Event "ICC tourney 2357 (30 5)"]
[Site "Internet Chess Club"]
[Date "2021.01.30"]
[Round "5"]
[White "HSputumbaka"]
[Black "TinoPps281"]
[Result "0-1"]
[ICCResult "White checkmated"]
[WhiteElo "653"]
[BlackElo "744"]
[Opening "Giuoco Piano"]
[ECO "C50"]
[NIC "IG.02"]
[Time "18:03:31"]
[PlyCount "64"]
[TimeControl "1800+5"]

1. e4 e5 2. Nf3 Nc6 3. Bc4 Bc5 4. O-O h6 5. d3 d6 6. h3 Nf6 7. Nc3 O-O 8.
a3 Bd7 9. b4 Bd4 10. Nxd4 Nxd4 11. Ne2 Nxe2+ 12. Qxe2 b5 13. Ba2 Nh7 14.
Qf3 Be6 15. Qg3 Qf6 16. Be3 h5 17. h4 Kh8 18. Bd5 Bxd5 19. exd5 Rg8 20. c4
g5 21. hxg5 Nxg5 22. Bxg5 Rxg5 23. Qh3 Rag8 24. g3 Qh6 25. Qh4 Rg4 26. Qh2
h4 27. Rfc1 Qh7 28. Kf1 Qxd3+ 29. Kg2 Qe2 30. Re1 Rxg3+ 31. Kh1 Qf3+ 32.
Qg2 Qxg2# { White checkmated } 0-1

[Event "ICC tourney 2357 (30 5)"]
[Site "Internet Chess Club"]
[Date "2021.01.30"]
[Round "5"]
[White "yputumbaka"]
[Black "Natethegreat12"]
[Result "0-1"]
[ICCResult "White checkmated"]
[WhiteElo "635"]
[BlackElo "889"]
[Opening "King's Indian: London system"]
[ECO "A45"]
[NIC "QP.03"]
[Time "18:03:40"]
[PlyCount "74"]
[TimeControl "1800+5"]

1. d4 Nf6 2. Bf4 g6 3. Nf3 Bg7 4. e3 d6 5. Nbd2 Bf5 6. Be2 Nbd7 7. O-O O-O
8. Bd3 Nd5 9. Bg3 Bxd3 10. cxd3 e5 11. dxe5 Nxe5 12. Bxe5 dxe5 13. e4 Nf4
14. Nc4 Re8 15. Na5 Rb8 16. Nb3 Nxd3 17. Rb1 b6 18. Ne1 Nxe1 19. Rxe1 Re7
20. Qxd8+ Rxd8 21. h3 Red7 22. Rbc1 Bh6 23. Rc2 Rd1 24. Rxd1 Rxd1+ 25. Kh2
c5 26. g3 Re1 27. Nd2 Re2 28. Kg2 Rxd2 29. Rc3 Rxb2 30. Rd3 Rxa2 31. Rd8+
Kg7 32. Re8 Be3 33. Kf3 Bd4 34. Kg4 h5+ 35. Kg5 Bc3 36. Rxe5 Bxe5 37. f4
Bf6# { White checkmated } 0-1

[Event "ICC tourney 2357 (30 5)"]
[Site "Internet Chess Club"]
[Date "2021.01.30"]
[Round "5"]
[White "DeUnderStore"]
[Black "rehatag"]
[Result "1-0"]
[ICCResult "Black checkmated"]
[WhiteElo "761"]
[BlackElo "625"]
[Opening "Giuoco Pianissimo"]
[ECO "C50"]
[NIC "IG.02"]
[Time "18:03:33"]
[PlyCount "91"]
[TimeControl "1800+5"]

1. e4 e5 2. Nf3 Nc6 3. Bc4 Bc5 4. d3 h6 5. O-O Nf6 6. Qe2 d6 7. Be3 Bg4 8.
Nbd2 Bd4 9. Bxd4 Nxd4 10. Qd1 Nh5 11. h3 Bxf3 12. Nxf3 Nc6 13. Nd2 Qg5 14.
Nf3 Qg6 15. Re1 Nf4 16. Nh4 Qg5 17. g3 Nxh3+ 18. Kg2 Nf4+ 19. Kg1 Nd4 20.
Nf5 Nh3+ 21. Kg2 Nf4+ 22. Kh2 Nfe6 23. c3 Nxf5 24. exf5 Qxf5 25. Bxe6 Qxe6
26. Qf3 O-O-O 27. d4 Qf6 28. Qe3 exd4 29. cxd4 Rd7 30. Qd3 Re7 31. Rxe7
Qxe7 32. Qc4 Re8 33. Rc1 Qd7 34. Kg2 Kd8 35. Qd3 Qe6 36. d5 Qe2 37. Qc3 Re7
38. Kg1 Qb5 39. Qa3 Qxd5 40. Qxa7 Qd2 41. Rf1 Qxb2 42. Qa8+ Kd7 43. Kg2 Re8
44. Qa4+ Ke7 45. Re1+ Kd8 46. Rxe8# { Black checkmated } 1-0

[Event "ICC tourney 2357 (30 5)"]
[Site "Internet Chess Club"]
[Date "2021.01.30"]
[Round "5"]
[White "ambitiouscow"]
[Black "EleanorH"]
[Result "1-0"]
[ICCResult "Black checkmated"]
[WhiteElo "896"]
[BlackElo "743"]
[Opening "Scandinavian (center counter) defense"]
[ECO "B01"]
[NIC "SD.01"]
[Time "18:04:18"]
[PlyCount "75"]
[TimeControl "1800+5"]

1. e4 d5 2. exd5 Qxd5 3. Nc3 Qa5 4. Nf3 c6 5. d4 Nf6 6. Bc4 Bg4 7. h3 Bh5
8. g4 Bg6 9. Ne5 e6 10. Bd2 Bb4 11. Qe2 Ne4 12. Nxg6 Nxc3 13. bxc3 hxg6 14.
cxb4 Qb6 15. Bc3 Nd7 16. a3 Nf6 17. b5 a5 18. bxc6 bxc6 19. g5 Nd5 20. Bxd5
cxd5 21. Qd1 Ke7 22. Rb1 Qc6 23. Qd2 a4 24. Bb4+ Ke8 25. Qc3 Qb7 26. Qb2
Kd7 27. Bc5 Qc8 28. Qb5+ Qc6 29. Qb7+ Qxb7 30. Rxb7+ Kc6 31. Rxf7 Rab8 32.
Kd2 Rh7 33. Bf8 Rb2 34. Rxg7 Rxg7 35. Bxg7 Ra2 36. Bf8 Kb5 37. Rb1+ Kc4 38.
Rb4# { Black checkmated } 1-0